 Dungeon Crawl Stone Soup version 0.29-a0-459-g97dee8cd24 (webtiles) character file.

Game seed: 5225847902225241494

2 holysushi the Skirmisher (level 1, 0/18 HPs)
             Began as a Demonspawn Monk on May 21, 2022.
             Slain by a kobold
             ... wielding a +0 dagger
              (3 damage)
             ... on level 1 of the Dungeon.
             The game lasted 00:00:08 (28 turns).

holysushi the Skirmisher (Demonspawn Monk)            Turns: 28, Time: 00:00:08

Health: 0/18       AC:  2    Str: 11    XL:     1   Next: 33%
Magic:  1/1        EV: 12    Int: 11    God:
Gold:   0          SH:  0    Dex: 15    Spells: 0/0 levels left

rFire   . . .      SeeInvis .   a - +0 short sword
rCold   . . .      Faith    .   (no shield)
rNeg    . . .      Spirit   .   b - +0 robe
rPois   .          Reflect  .   (no helmet)
rElec   .          Harm     .   (no cloak)
rCorr   .          Rampage  .   (no gloves)
Will    .....                   (no boots)
Stlth   ++........              (no amulet)
HPRegen 0.06/turn               (no ring)
MPRegen 0.07/turn               (no ring)

@: no status effects
A: no striking features
a: no special abilities


You were on level 1 of the Dungeon.
You visited 1 branch of the dungeon, and saw 1 of its levels.

Inventory:

Hand Weapons
 a - a +0 short sword (weapon)
Armour
 b - a +0 robe (worn)
Jewellery
 d - a ring of protection from cold
Potions
 c - a potion of ambrosia


   Skills:
 - Level 3.0 Fighting
 + Level 2.9 Short Blades
 - Level 2.6 Dodging
 - Level 1.7 Stealth


You couldn't memorise any spells.
You didn't know any spells.
Your spell library was empty.

Dungeon Overview and Level Annotations

Branches:
Dungeon (1/15)

Altars:


Message History

There is an open door here.
You barely miss the hobgoblin. The hobgoblin closely misses you.
You completely miss the hobgoblin.
The kobold hits you with a +0 short sword.
The hobgoblin closely misses you.
You hit the hobgoblin but do no damage. The kobold barely misses you.
The hobgoblin barely misses you.
You hit the hobgoblin.
The hobgoblin is severely wounded.
You closely miss the hobgoblin.
The hobgoblin is severely wounded.
The hobgoblin hits you.
The kobold hits you with a +0 short sword.
You barely miss the hobgoblin.
The hobgoblin is severely wounded.
The hobgoblin barely misses you. The kobold hits you but does no damage.
You hit the hobgoblin.
You kill the hobgoblin!
The kobold hits you with a +0 dagger.
The kobold hits you with a +0 short sword.
* * * LOW HITPOINT WARNING * * *
You are too injured to fight recklessly!
The kobold attacks as you move away! The kobold closely misses you.
You miss the kobold.
The kobold throws a stone.
The stone barely misses you.
You swing at nothing.
The kobold hits you with a +0 dagger.
* * * LOW HITPOINT WARNING * * *
You hit the kobold.
You kill the kobold!
The kobold closely misses you.
You swing at nothing.
The kobold barely misses you.
You hit the kobold.
The kobold is severely wounded.
The kobold barely misses you.
You barely miss the kobold.
The kobold is severely wounded.
The kobold closely misses you.
You barely miss the kobold.
The kobold is severely wounded.
The kobold hits you with a +0 dagger.
You die...

#######
#.....#######
###..?........#
.........:....#
............[.#
##)## #.@K#
#≈.≈# #. #≈.≈#
≈# #.. #≈.≈#
≈≈#
#...#≈.≈#≈≈.#
#...#≈.≈#≈..#
#...#...#...#
#...........#
#...........#


You could see a kobold.

Vanquished Creatures
  A hobgoblin (D:1)
  A kobold (D:1)
2 creatures vanquished.

Notes
Turn   | Place    | Note
-------+----------+-------------------------------------------
     0 | D:1      | holysushi the Demonspawn Monk began the quest for the Orb.
     0 | D:1      | Reached XP level 1. HP: 18/18 MP: 1/1
    28 | D:1      | Slain by a kobold

Illustrated notes

Levels and vault maps discovered:
D:1:      lightli_arrival_quake, layout_rooms

Action                   || total
-------------------------++-------
Melee: Short sword       ||    12
Armor: Robe              ||     1
Dodge: Dodged            ||    11

Table legend: (Time is in decaauts)
 A = Elapsed time spent in this place.
 B = Non-inter-level travel time spent in this place.
 C = Inter-level travel time spent in this place.
 D = Time resting spent in this place.
 E = Time spent auto-exploring this place.
 F = Levels seen in this place.
 G = Mean time per level.
                   A        B        C        D        E       F      G
               +--------+--------+--------+--------+--------+-----+--------+
         Total |     27 |     27 |      0 |      0 |      3 |   1 |   27.0 |
       Dungeon |     27 |     27 |      0 |      0 |      3 |   1 |   27.0 |
               +--------+--------+--------+--------+--------+-----+--------+

Top non-repeatable levels by time:
     D:1: 27 daAuts
